 Dungeon Crawl Stone Soup version 0.29-a0-1009-g60c99734e7 (webtiles) character file.

Game seed: 5442131532692995450

60 hquester1 the Trooper (level 3, -6/33 HPs)
             Began as a Minotaur Fighter on Aug 8, 2022.
             Mangled by Terence
             ... wielding a +0 falchion
              (7 damage)
             ... on level 2 of the Dungeon.
             The game lasted 00:02:26 (911 turns).

hquester1 the Trooper (Minotaur Fighter)             Turns: 911, Time: 00:02:26

Health: -6/33      AC:  7    Str: 21 (22) XL:     3   Next: 80%
Magic:  2/2        EV:  9    Int:  4 (5)  God:
Gold:   48         SH:  4    Dex:  8 (9)  Spells: 2/2 levels left

rFire   . . .      SeeInvis .   a - +0 war axe
rCold   . . .      Faith    .   c - +0 buckler
rNeg    . . .      Spirit   .   b - +0 scale mail
rPois   .          Reflect  .   (helmet restricted)
rElec   .          Harm     .   (no cloak)
rCorr   .          Rampage  .   (no gloves)
Will    .....                   (no boots)
Stlth   ..........              g - amulet of regeneration
HPRegen 0.91/turn               (no ring)
MPRegen 0.08/turn               (no ring)

@: no status effects
A: horns 2, retaliatory headbutt
a: no special abilities


You were on level 2 of the Dungeon.
You visited 1 branch of the dungeon, and saw 2 of its levels.

You collected 48 gold pieces.

Inventory:

Hand Weapons
 a - a +0 war axe (weapon)
Missiles
 i - a throwing net (quivered)
Armour
 b - a +0 scale mail (worn)
 c - a +0 buckler (worn)
Jewellery
 g - an amulet of regeneration (around neck)
Scrolls
 e - a scroll of poison {unknown}
 f - a scroll of identify {unknown}
 j - a scroll of teleportation {unknown}
 k - a scroll of amnesia {unknown}
Potions
 d - a potion of might
 l - a potion of mutation {unknown}


   Skills:
 + Level 4.1 Fighting
 + Level 3.0 Axes
 + Level 4.0 Armour
 + Level 1.2 Dodging
 + Level 0.9 Stealth
 + Level 4.0 Shields


You had 2 spell levels left.
You didn't know any spells.
Your spell library was empty.

Dungeon Overview and Level Annotations

Branches:
Dungeon (2/15)

Altars:

Annotations:
D:2 Terence


Innate Abilities, Weirdness & Mutations

You have a pair of horns on your head.
You reflexively headbutt those who attack you in melee.


Message History

You slash the goblin!
You kill the goblin!
You closely miss the hobgoblin. You slash the goblin!
You kill the goblin!
You block the hobgoblin's attack. Robin hits you with a +0 spectral club.
* * * LOW HITPOINT WARNING * * *
The hobgoblin barely misses you. Robin hits you but does no damage.
Terence hits you but does no damage.
Your Axes skill increases to level 3!
You hit Robin. Your headbutt misses Robin.
Robin is almost dead.
You hit the hobgoblin. You hit Terence but do no damage.
The hobgoblin barely misses you. You block Robin's attack.
Terence barely misses you.
You barely miss Robin.
Robin is almost dead.
You slash Terence! You closely miss the hobgoblin.
The hobgoblin barely misses you.
Robin drinks a potion.
Robin is healed!
Terence hits you with a +0 falchion.
* * * LOW HITPOINT WARNING * * *
The hobgoblin hits you but does no damage.
Robin barely misses you. You block Terence's attack.
You hit Robin but do no damage. Your headbutt misses Robin.
You hit the hobgoblin.
You kill the hobgoblin!
You closely miss Terence. You block Robin's attack.
Terence shouts, "Get ready for death!"
Terence hits you with a +0 falchion.
* * * LOW HITPOINT WARNING * * *
You slash Robin! You headbutt Robin.
You kill Robin!
You hit Terence. Terence hits you with a +0 falchion.
* * * LOW HITPOINT WARNING * * *
You feel your intelligence returning.
You slash Terence!
Terence is almost dead.
Terence hits you with a +0 falchion!
* * * LOW HITPOINT WARNING * * *
Terence hits you with a +0 falchion!
You die...

############
#...........
#...........
#...........
#.>.........
#..........)
#..)))......
#..)@@......
#..)))......
#...........
#...........
#...........
##..........
#......#.##
#........#


You could see Terence.

Vanquished Creatures
  Robin (D:2)
  A dart slug (D:1)
  4 ball pythons (D:1)
  3 endoplasms (D:1)
  A giant cockroach (D:1)
  12 goblins
  6 hobgoblins
  A quokka (D:1)
  3 bats (D:1)
  4 frilled lizards (D:1)
  4 kobolds (D:1)
  A rat (D:1)
41 creatures vanquished.

Notes
Turn   | Place    | Note
-------+----------+-------------------------------------------
     0 | D:1      | hquester1 the Minotaur Fighter began the quest for the Orb.
     0 | D:1      | Reached XP level 1. HP: 19/19 MP: 0/0
   266 | D:1      | Reached XP level 2. HP: 27/27 MP: 1/1
   578 | D:1      | Reached XP level 3. HP: 33/33 MP: 2/2
   685 | D:1      | Reached skill level 1 in Dodging
   899 | D:2      | Noticed Terence
   899 | D:2      | Noticed Robin
   910 | D:2      | Killed Robin
   911 | D:2      | HP: 1/33 [Terence/+0 falchion (7)]
   911 | D:2      | Mangled by Terence

Illustrated notes

Levels and vault maps discovered:
D:1:      matt_arrival_spirals, layout_loops_ring
D:2:      minmay_wonky_spiral, layout_basic, hellmonk_ecumenical_altar_lost_god,
          uniq_terence, uniq_robin, uniq_crazy_yiuf_cottage

Skill      XL: |  1  2  3 |
---------------+----------+-----
Fighting       | 4 |  4.1
Dodging        | 1 |  1.2
Shields        | 4 |  4.0
Armour         | 4 |  4.0
Axes           | 3 |  3.0
Stealth        | |  0.9

Action                   || total
-------------------------++-------
Melee: War axe           ||    74
       Headbutt          ||     5
  Use: Potion            ||     1
Armor: Scale mail        ||    40
Dodge: Dodged            ||    42
Block: Buckler           ||    25

Table legend: (Time is in decaauts)
 A = Elapsed time spent in this place.
 B = Non-inter-level travel time spent in this place.
 C = Inter-level travel time spent in this place.
 D = Time resting spent in this place.
 E = Time spent auto-exploring this place.
 F = Levels seen in this place.
 G = Mean time per level.
                   A        B        C        D        E       F      G
               +--------+--------+--------+--------+--------+-----+--------+
         Total |    940 |    900 |     40 |      0 |    671 |   2 |  470.0 |
       Dungeon |    940 |    900 |     40 |      0 |    671 |   2 |  470.0 |
               +--------+--------+--------+--------+--------+-----+--------+

Top non-repeatable levels by time:
     D:1: 925 daAuts
     D:2: 15 daAuts
